 Dungeon Crawl Stone Soup version 0.17.0-28-g6e173f8 (webtiles) character file.

120 xeno23 the Gusty (level 4, 0/51 HPs)
             Began as a Demigod Air Elementalist on Nov 24, 2015.
             Succumbed to HolyRage's ghost's poison
             ... on level 3 of the Dungeon.
             The game lasted 00:13:40 (2325 turns).

xeno23 the Gusty (Demigod Air Elementalist)         Turns: 2325, Time: 00:13:40

Health: 0/51       AC: 22    Str: 13    XL:     4   Next: 47%
Magic:  9/10       EV:  2    Int: 19    God:
Gold:   97         SH:  0    Dex: 16    Spells: 4 memorised, 0 levels left

rFire  . . .     SeeInvis .     n - +1 great sword (holy)
rCold  . . .     Clarity  .     (armour currently unavailable)
rNeg   + + +     SustAt   +     (shield currently unavailable)
rPois  +         Gourm    .     (helmet currently unavailable)
rElec  .         Spirit   .     (cloak currently unavailable)
rCorr  .         Warding  .     (gloves currently unavailable)
rMut   .         NoTele   +     (boots currently unavailable)
MR     .....                    (no amulet)
Stlth  +++.......               (no ring)
                                (no ring)

@: lethally poisoned (0 -> -43), tree-form, repel missiles, not resistant to
hostile enchantments, fairly stealthy
A: high mp 1, sustain attributes
a: no special abilities


You were on level 3 of the Dungeon.
You were not hungry.
You were a tree.
You visited 1 branch of the dungeon, and saw 4 of its levels.

You collected 97 gold pieces.

Inventory:

Hand Weapons
 n - a +1 great sword of holy wrath (weapon)
Armour
 j - a cursed +0 ring mail (melded)
 m - a +0 chain mail
Scrolls
 f - 2 scrolls of remove curse {unknown}
 h - a scroll of blinking {unknown}
 i - a scroll of random uselessness {unknown}
 k - 2 scrolls of identify {unknown}
 l - a scroll of amnesia {unknown}
 o - a scroll of magic mapping {unknown}
 q - a scroll of teleportation {unknown}
Potions
 a - a potion of lignification
 d - 2 potions of curing {unknown}
 e - a potion of agility {unknown}
 g - a potion of mutation {unknown}
 p - a potion of brilliance {unknown}
Books
 b - a book of Air

   Spells                             Type                      Level
   a - Shock                          Conjuration/Air              1
   b - Swiftness                      Charms/Air                   2
   c - Repel Missiles                 Charms/Air                   2
   d - Static Discharge               Conjuration/Air              3
   e - Lightning Bolt                 Conjuration/Air              5
Comestibles
 c - 4 bread rations


   Skills:
 - Level 0.3 Fighting
   Level 0.1(0.2) Short Blades
 * Level 0.1(0.2) Long Blades
 + Level 0.1 Armour
 - Level 2.3 Dodging
 - Level 2.0 Stealth
 - Level 2.5 Spellcasting
 * Level 1.8 Conjurations
 + Level 3.6 Air Magic


You couldn't memorise any spells.
You knew the following spells:

 Your Spells              Type           Power        Failure   Level  Hunger
a - Shock                 Conj/Air       ##..         8%          1    #......
b - Swiftness             Chrm/Air       #.......     14%         2    ##.....
c - Static Discharge      Conj/Air       ##......     17%         3    ###....
r - Repel Missiles        Chrm/Air       #.....       14%         2    ##.....


Dungeon Overview and Level Annotations

Branches:
Dungeon (4/15)
 Temple: D:4-7

Annotations:
D:3 HolyRage's ghost, amateur HEFE


Innate Abilities, Weirdness & Mutations

You have an increased reservoir of magic (+10% MP).
Your attributes are resistant to harm.


Message History

HolyRage's ghost is moderately damaged.
* * * LOW HITPOINT WARNING * * *
You feel very sick.
HolyRage's ghost hits you but does no damage.
You take 4 damage.
You closely miss HolyRage's ghost.
HolyRage's ghost is moderately damaged.
* * * LOW HITPOINT WARNING * * *
You feel very sick.
HolyRage's ghost hits you but does no damage.
You are more poisoned.
HolyRage's ghost hits you.
* * * LOW HITPOINT WARNING * * *
You are more poisoned.
You take 8 damage.
Drink which item? (? for menu, Esc to quit)
It was a potion of lignification.
You turn into a tree.
Your cursed +0 ring mail melds into your body.
Your roots penetrate the ground.
You die...

#.........#.#### #......
#.........#....# #......
#.........#...(####......
####.........#..............
#............#########......
#.........#.................
#.......###.##########......
#.......# #....[........##.#
#.......# #♣##############.#
#.......# #W..§............#
#.......# #.###..#########..
######<## #.# #...# #......
######.###.#.# #......
#....##.#.# #......
#.........####......
#.....W.............
#..........###......


You could see HolyRage's ghost.

Vanquished Creatures
  Terence (D:3)
  5 adders
  An ooze (D:1)
  2 worms
  2 giant geckos
  An orc (D:2)
  A giant cockroach (D:3)
  6 goblins
  4 hobgoblins
  2 jackals (D:2)
  6 kobolds
  2 ball pythons
  3 bats
  4 giant newts
  6 rats
46 creatures vanquished.

Notes
Turn   | Place    | Note
--------------------------------------------------------------
     0 | D:1      | xeno23 the Demigod Air Elementalist began the quest for the Orb.
     0 | D:1      | Reached XP level 1. HP: 14/14 MP: 5/5
    37 | D:1      | Reached skill level 3 in Air Magic
    60 | D:1      | Reached skill level 1 in Conjurations
   155 | D:1      | Reached XP level 2. HP: 8/20 MP: 1/7
   489 | D:1      | Learned a level 2 spell: Swiftness
   492 | D:1      | Learned a level 2 spell: Repel Missiles
   705 | D:1      | Reached XP level 3. HP: 26/26 MP: 2/8
  1608 | D:3      | Noticed Terence
  1699 | D:2      | Reached XP level 4. HP: 7/33 MP: 4/10
  1955 | D:3      | Killed Terence
  1975 | D:3      | Learned a level 3 spell: Static Discharge
  2230 | D:3      | Noticed HolyRage's ghost (amateur HEFE)
  2325 | D:3      | Succumbed to HolyRage's ghost's poison

Action                   |  1- 3 |  4- 6 || total
-------------------------+-------+-------++-------
Melee: Dagger            |    12 |       ||    12
       Unarmed           |     3 |       ||     3
       Short sword       |    58 |     5 ||    63
       Great sword       |       |    22 ||    22
 Cast: Shock             |    73 |    16 ||    89
       Repel Missiles    |     1 |       ||     1
  Use: Potion            |       |     1 ||     1
 Stab: Sleeping          |     2 |       ||     2
  Eat: Chunk             |     2 |     3 ||     5
